 Dungeon Crawl Stone Soup version 0.26.1-2-gb8aa6d0cf2 (webtiles) character file.

Game seed: 15844724796840303274

583 Descartes the Magician (level 7, 0/38 HPs)
             Began as a Deep Elf Wanderer on Feb 16, 2021.
             Killed from afar by an orc wizard (8 damage)
             ... with a magic dart
             ... on level 4 of the Dungeon.
             The game lasted 00:17:24 (4427 turns).

Descartes the Magician (Deep Elf Wanderer)          Turns: 4427, Time: 00:17:25

Health: 0/38       AC:  5    Str: 10    XL:     7   Next: 14%
Magic:  13/16      EV: 14    Int: 20    God:
Gold:   152        SH:  0    Dex: 12    Spells: 12/16 levels left

rFire    . . .     SeeInvis .   b - +2 long sword (vorpal)
rCold    . . .     Faith    .   (no shield)
rNeg     . . .     Spirit   .   e - +0 robe
rPois    .         Reflect  .   (no helmet)
rElec    .         Harm     .   (no cloak)
rCorr    .         Rampage  .   (no gloves)
Will     .....                  d - +2 pair of boots
Stlth    ++........             (no amulet)
HPRegen  0.12/turn              o - ring of wizardry
MPRegen  0.15/turn              C - ring of flight

@: no status effects
A: no striking features
a: Evoke Flight


You were on level 4 of the Dungeon.
You visited 1 branch of the dungeon, and saw 4 of its levels.

You collected 152 gold pieces.

Inventory:

Hand Weapons
 a - a +2 shortbow
 b - a +2 vorpal long sword (weapon)
 u - a +2 dagger of venom
 v - a +0 hand axe of freezing
 w - a +0 hunting sling
 F - a +4 scythe
Missiles
 g - 232 stones (quivered)
 h - 52 bolts
 j - 88 arrows
 k - 23 sling bullets
 s - 4 atropa-tipped darts
 t - a throwing net
 y - 7 poisoned darts
Armour
 d - a +2 pair of boots (worn)
 e - a +0 robe (worn)
Magical Staves
 D - an uncursed staff of air
Jewellery
 o - a ring of wizardry (left hand)
 z - an uncursed ring of resist corrosion
 C - a ring of flight (right hand)
 G - an uncursed ring of magical power {unknown}
 H - an uncursed amulet of guardian spirit {unknown}
Wands
 E - a wand of digging (4)
Scrolls
 c - 6 scrolls of teleportation
 m - a scroll of amnesia {unknown}
 n - 2 scrolls of enchant weapon {unknown}
 p - 5 scrolls of identify {unknown}
 r - a scroll of remove curse {unknown}
 x - 3 scrolls of immolation {unknown}
 B - a scroll of enchant armour {unknown}
 I - a scroll of fear {unknown}
Potions
 f - 2 potions of heal wounds {unknown}
 i - a potion of might {unknown}
 l - 4 potions of curing {unknown}
 q - 2 potions of flight {unknown}
 A - a potion of brilliance {unknown}
 J - a potion of attraction {unknown}


   Skills:
 - Level 1.5 Fighting
 - Level 4.0 Bows
 - Level 1.0 Throwing
 - Level 5.0 Dodging
 - Level 1.2 Stealth
 - Level 5.0 Spellcasting
 + Level 1.7 Conjurations
 - Level 1.1 Summonings
 - Level 5.0 Air Magic


You had 12 spell levels left.
You knew the following spells:

 Your Spells              Type           Power        Failure   Level
a - Shock                 Conj/Air       72%          1%          1
b - Static Discharge      Conj/Air       18%          3%          3

Your spell library contained the following spells:

 Spells                   Type           Power        Failure   Level


Dungeon Overview and Level Annotations

Branches:
Dungeon (4/15)
 Temple: D:4-7

Altars:
Okawaru


Message History

The orc wizard blinks!
The orc wizard gestures at you while chanting.
The magic dart hits you.
* * * LOW HITPOINT WARNING * * *
You barely miss the orc wizard.
The orc wizard hits you with a +0 dagger.
* * * LOW HITPOINT WARNING * * *
You hit the orc wizard.
The orc wizard is moderately wounded.
The orc wizard hits you but does no damage. x2
You closely miss the orc wizard.
The orc wizard is moderately wounded.
The orc wizard barely misses you.
You miss the orc wizard.
The orc wizard is moderately wounded.
The orc wizard casts a spell.
The orc wizard blinks!
The orc wizard casts a spell at you. The magic dart hits you!
You die...

#### #####..## #### ##
##..#....###>.### .####
#....##.#.......#
.#..###....#..#.)...###
...........#..#...?...##
#.........##..#.@......###
.........####.##..........
.)........# ...#.....)..##
........#......#..........
#..#...###.## ......#o#.#.
####..## ## .............
.......## ##.....#.#.#.#
....[...#####......... . .
.....)..#.............##.


You could see an orc wizard.

Vanquished Creatures
  Sigmund (D:4)
  Blork the orc (D:4)
  An orc priest (D:4)
  An orc wizard (D:4)
  2 worker ants
  Robin (D:2)
  8 gnolls (D:2)
  4 adders
  A shadow imp (D:3)
  An ooze (D:2)
  An adder skeleton (D:4)
  A worm (D:2)
  4 dart slugs
  3 leopard geckos
  2 orcs (D:4)
  3 giant cockroaches
  9 goblins
  18 hobgoblins
  6 jackals
  2 quokkas
  4 ball pythons
  5 bats
  7 frilled lizards
  8 kobolds
  6 rats
100 creatures vanquished.

Vanquished Creatures (others)
  21 plants (D:3)
21 creatures vanquished.

Grand Total: 121 creatures vanquished

Notes
Turn   | Place    | Note
-------+----------+-------------------------------------------
     0 | D:1      | Descartes the Deep Elf Wanderer began the quest for the
                  | Orb.
     0 | D:1      | Descartes set off with the following items: a +2 shortbow,
                  | 25 arrows, a scroll of teleportation, a +0 robe; and the
                  | following spell memorised: Shock; and the following spells
                  | available to memorise: Static Discharge
     0 | D:1      | Reached XP level 1. HP: 12/12 MP: 6/6
    71 | D:1      | Reached skill level 1 in Air Magic
   302 | D:1      | Reached XP level 2. HP: 16/16 MP: 8/8
   477 | D:1      | Found an iron altar of Okawaru.
   822 | D:1      | Reached XP level 3. HP: 20/20 MP: 10/10
  1488 | D:2      | Reached skill level 1 in Dodging
  1491 | D:2      | Reached XP level 4. HP: 16/25 MP: 4/12
  1704 | D:2      | Found a faded altar of an unknown god.
  2036 | D:2      | Reached XP level 5. HP: 29/29 MP: 13/13
  2328 | D:2      | Noticed Robin
  2352 | D:2      | Killed Robin
  2734 | D:3      | Reached skill level 5 in Spellcasting
  3525 | D:4      | Noticed Sigmund
  3729 | D:4      | Killed Sigmund
  3730 | D:4      | Reached XP level 6. HP: 20/34 MP: 1/15
  4054 | D:4      | Noticed Blork the orc
  4066 | D:4      | Killed Blork the orc
  4067 | D:4      | Reached skill level 5 in Dodging
  4067 | D:4      | Reached XP level 7. HP: 13/38 MP: 16/16
  4072 | D:4      | Learned a level 3 spell: Static Discharge
  4410 | D:4      | Reached skill level 1 in Conjurations
  4410 | D:4      | Reached skill level 5 in Air Magic
  4427 | D:4      | Killed from afar by an orc wizard

Illustrated notes

Levels and vault maps discovered:
D:1:      amcnicky_arrival_feature_with_door, layout_basic,
          okawaru_ov_weapons_minmay
D:2:      minmay_skewed_foursquare, layout_loops_ring,
          chequers_ecumenical_altar_simple_redux, uniq_robin
D:3:      minmay_inner_zag, layout_basic, serial_bayou_lagoon_a
D:4:      layout_cave_pools, minmay_misc_feat_pillars, uniq_pikel,
          uniq_blork_the_orc, uniq_sigmund, uniq_crazy_yiuf_cottage

Skill      XL: |  1  2  3  4  5  6  7 |
---------------+----------------------+-----
Air Magic      | 1 2 3 4 5 |  5.0
Dodging        | 1 2 4 5 |  5.0
Spellcasting   | 4 5 |  5.0
Conjurations   | 1 |  1.7
Fighting       | |  1.5
Bows           | |  4.0
Throwing       | |  1.0
Stealth        | |  1.2
Summonings     | |  1.1

Action                   |  1- 3 |  4- 6 |  7- 9 || total
-------------------------+-------+-------+-------++-------
Melee: Hand axe          |    13 |     1 |       ||    14
       Dagger            |       |    77 |       ||    77
       Long sword        |       |     2 |    12 ||    14
 Fire: Shortbow          |    52 |    49 |       ||   101
 Cast: Shock             |    19 |    76 |    18 ||   113
Armor: Robe              |    11 |    24 |     5 ||    40
Dodge: Dodged            |    20 |    79 |     5 ||   104
       Rpst.: Long sword |       |     2 |     2 ||     4
